 Dungeon Crawl Stone Soup version 0.24.0-125-gc4c63601f3 (webtiles) character file.

Game seed: 5183992255869630121, levelgen mode: deterministic

244308 Davosk the Peltast (level 18, -17/170 HPs)
             Began as a Minotaur Berserker on Feb 27, 2020.
             Was a High Priest of Trog.
             Killed from afar by Xtahua (64 damage)
             ... with a searing blast
             ... on level 2 of the Vaults on Mar 3, 2020.
             The game lasted 04:21:47 (32308 turns).

Davosk the Peltast (Minotaur Berserker)            Turns: 32308, Time: 04:21:48

Health: -17/170    AC: 36    Str: 29    XL:     18   Next: 73%
Magic:  26/26      EV: 12    Int:  2    God:    Trog [*****.]
Gold:   483        SH: 27    Dex:  9    Spells: 17/17 levels left

rFire    . . .     SeeInvis +   a - +9 rapier (speed)
rCold    . . .     Gourm    .   d - +4 large shield {reflect}
rNeg     . . .     Faith    .   l - +7 plate armour "Jason" {rElec rCorr Int-2 Dex-4}
rPois    +         Spirit   .   Y - +2 hat {SInv}
rElec    +         Reflect  +   z - +0 cloak
rCorr    +         Harm     .   c - +3 pair of gloves "Wummeem" {Str+2}
MR       ++++.                  w - +2 pair of boots
Stlth    ..........             J - amulet of regeneration
HPRegen  1.78/turn              k - +2 ring of evasion
MPRegen  0.20/turn              h - ring "Deowk" {rElec rPois MP+9 Slay+5}

@: very slightly contaminated, regenerating
A: retaliatory headbutt, horns 2, see invisible, magic resistance 1
}: 2/15 runes: serpentine, barnacled
a: Berserk, Trog's Hand, Brothers in Arms, Renounce Religion


You were on level 2 of the Vaults.
You worshipped Trog.
Trog was extremely pleased with you.
You were not hungry.

You visited 6 branches of the dungeon, and saw 33 of its levels.
You visited 2 bazaars.
You also visited: Gauntlet and Ice Cave.

You collected 2932 gold pieces.
You spent 2449 gold pieces at shops.

Inventory:

Hand Weapons
 a - a +9 rapier of speed (weapon)
 b - a +9 fustibalus of velocity
Missiles
 f - 678 stones
 D - 10 sling bullets
 W - 57 javelins (quivered)
Armour
 c - the +3 pair of gloves "Wummeem" (worn) {Str+2}
   (You found it in a Gauntlet)

   It affects your strength (+2).
 d - a +4 large shield of reflection (worn)
 l - the +7 plate armour "Jason" (worn) {rElec rCorr Int-2 Dex-4}
   (You bought it in a shop on level 2 of the Orcish Mines)

   It affects your intelligence (-2).
   It affects your dexterity (-4).
   It insulates you from electricity.
   It provides partial protection from all sources of acid and corrosion.
 w - a +2 pair of boots (worn)
 z - a +0 cloak (worn)
 Y - a +2 hat of see invisible (worn)
Jewellery
 h - the ring "Deowk" (right hand) {rElec rPois MP+9 Slay+5}
   (You found it in a Gauntlet)

   [ring of magical power]

   It affects your accuracy and damage with ranged weapons and melee attacks
   (+5).
   It insulates you from electricity.
   It protects you from poison.
   It affects your magic capacity (+9).
 k - a +2 ring of evasion (left hand)
 J - an amulet of regeneration (around neck)
Wands
 g - a wand of scattershot (3)
 p - a wand of polymorph (18)
 x - a wand of iceblast (21)
 H - a wand of digging (12)
 L - a wand of paralysis (22)
 Q - a wand of enslavement (6)
 R - a wand of flame (82)
 V - a wand of disintegration (41)
 X - a wand of random effects (47)
 Z - a wand of acid (55)
Scrolls
 n - 16 scrolls of teleportation
 o - 3 scrolls of enchant weapon
 r - 5 scrolls of identify
 u - 10 scrolls of remove curse
 v - a scroll of fear
 y - 2 scrolls of brand weapon
 A - 3 scrolls of magic mapping
 M - a scroll of blinking
 S - a scroll of silence
 T - 7 scrolls of fog
Potions
 j - 2 potions of heal wounds
 m - 10 potions of curing
 q - 10 potions of brilliance
 s - a potion of might
 t - 3 potions of cancellation
 B - 5 potions of haste
 E - 2 potions of agility
 G - 2 potions of magic
 I - 3 potions of resistance
 K - 3 potions of berserk rage
 O - 4 potions of flight
 P - 2 potions of invisibility
Miscellaneous
 i - a box of beasts
 F - a lightning rod (4/4)
 N - a lamp of fire
Comestibles
 e - 40 rations
 C - 9 chunks of flesh


   Skills:
 + Level 17.2 Fighting
 + Level 14.6 Short Blades
   Level 4.6 Axes
 + Level 8.9(13.3) Slings
 + Level 14.5(15.2) Throwing
 + Level 15.7 Armour
 + Level 7.3 Dodging
 + Level 2.1 Stealth
 + Level 19.3 Shields


You had 17 spell levels left.
You didn't know any spells.
Your spell library contained the following spells:

 Spells                   Type           Power        Failure   Level  Hunger
 Animate Skeleton         Necr           N/A          100%        1    ##.....
 Magic Dart               Conj           #...         100%        1    ##.....
 Pain                     Necr           #...         100%        1    ##.....
 Shock                    Conj/Air       #...         100%        1    ##.....
 Sting                    Conj/Pois      #...         100%        1    ##.....
 Summon Butterflies       Summ           #.......     100%        1    ##.....
 Blink                    Tloc           N/A          100%        2    ###....
 Call Imp                 Summ           #.......     100%        2    ###....
 Ensorcelled Hibernation  Hex/Ice        #.....       100%        2    ###....
 Poisonous Vapours        Pois/Air       #.....       100%        2    ###....
 Searing Ray              Conj           #.....       100%        2    ###....
 Slow                     Hex            #.......     100%        2    ###....
 Swiftness                Chrm/Air       #.......     100%        2    ###....
 Call Canine Familiar     Summ           #.......     100%        3    ####...
 Conjure Flame            Conj/Fire      #.......     100%        3    ####...
 Dazzling Spray           Conj/Hex       #.....       100%        3    ####...
 Ignite Poison            Fire/Tmut/Pois #.......     100%        3    ####...
 Mephitic Cloud           Conj/Pois/Air  #.......     100%        3    ####...
 Recall                   Summ/Tloc      N/A          100%        3    ####...
 Regeneration             Chrm/Necr      #.........   100%        3    ####...
 Static Discharge         Conj/Air       #.......     100%        3    ####...
 Vampiric Draining        Necr           #.........   100%        3    ####...
 Airstrike                Air            #.........   100%        4    #####..
 Animate Dead             Necr           N/A          100%        4    #####..
 Force Lance              Conj/Tloc      #.......     100%        4    #####..
 Fulminant Prism          Conj/Hex       #.........   100%        4    #####..
 Iskenderun's Mystic Bla  Conj           #.......     100%        4    #####..
 Olgreb's Toxic Radiance  Pois           #.......     100%        4    #####..
 Summon Ice Beast         Ice/Summ       #.......     100%        4    #####..
 Summon Lightning Spire   Summ/Air       #.......     100%        4    #####..
 Aura of Abjuration       Summ           #.........   100%        5    ######.
 Borgnjor's Vile Clutch   Necr/Erth      #.........   100%        5    ######.
 Fireball                 Conj/Fire      #.........   100%        5    ######.
 Lightning Bolt           Conj/Air       #.........   100%        5    ######.
 Silence                  Hex/Air        #.........   100%        5    ######.
 Summon Demon             Summ           #.........   100%        5    ######.
 Summon Forest            Summ/Tloc      #.........   100%        5    ######.
 Summon Mana Viper        Hex/Summ       #.......     100%        5    ######.
 Venom Bolt               Conj/Pois      #.........   100%        5    ######.
 Bolt of Fire             Conj/Fire      #.........   100%        6    #######
 Conjure Ball Lightning   Conj/Air       #.........   100%        6    #######
 Darkness                 Hex            #.........   100%        6    #######
 Deflect Missiles         Chrm/Air       #.........   100%        6    #######
 Shadow Creatures         Summ           N/A          100%        6    #######
 Ring of Flames           Chrm/Fire      #.........   100%        7    #######
 Summon Hydra             Summ           #.........   100%        7    #######
 Ignition                 Fire           #.........   100%        8    #######
 Tornado                  Air            #.........   100%        9    #######


Dungeon Overview and Level Annotations

Branches:
Dungeon (15/15)            Temple (0/1) D:7            Lair (6/6) D:11
 Shoals (4/4) Lair:4        Snake (4/4) Lair:3        Slime (0/5) Lair:6
    Orc (2/2) D:12            Elf (0/3) Orc:2        Vaults (2/5) D:14
 Depths (0/5) D:15          IceCv (visited)         Gauntlet (visited)
  Crypt: Vaults:2-3

Altars:
Cheibriados
Elyvilon
Fedhas
Hepliaklqana
Makhleb
Nemelex Xobeh
Okawaru
Qazlal
Sif Muna
Uskayaw
Vehumet
Xom
Zin
The Shining One
Jiyva

Shops:
D:11 *==[   D:15 %::?   Orc:1 (   Orc:2 ([*:[   Shoals:1 }   Shoals:2 [
Shoals:3 =   Snake:1 (   Vaults:1 !

Annotations:
D:14 3 runed translucent doors
Vaults:2 Xtahua


Innate Abilities, Weirdness & Mutations

You reflexively headbutt those who attack you in melee.
You have a pair of horns on your head.
You have supernaturally acute eyesight. (SInv)
You are resistant to hostile enchantments. (MR+)


Message History

Xtahua breathes flames at you. The searing blast hits you!!!
Blink to where?
Press: ? - help, Dir - move target cursor, p - stone giant You are very lightly contaminated with residual magic.
As you read the scroll of blinking, it crumbles to dust.
As you close the door, it creaks loudly!
There is an open door here.
Your skin crawls.
You feel resistant to hostile enchantments.
You feel somewhat more hungry.
You feel much better. Xtahua breathes flames at you.
The searing blast hits you!!!
Your iron troll goes berserk!
You feel quite a bit more hungry.
You are engulfed in blazing flames.
* * * LOW HITPOINT WARNING * * *
Xtahua breathes flames at you. The searing blast hits you!!!
You die...

#.....##########
#.....# #.....#
#'##### #)### #
#####)).### ..
...##..)..### ...
...####.....###
#.###..+.......@..+
.D.#..####..DT.###
#.#..##.....###
#.C..##...###
#.#☼.##.###
.(.#..##'#####
##.###..#......#
........+......#
.....^.>#......#


You could see Xtahua and a friendly iron troll (berserk).

Vanquished Creatures
  Bai Suzhen (Shoals:3)
  2 krakens (Shoals:2)
  Kirke (D:14)
  Gastronok (D:10)
  8 nagarajas
  A frost giant (Shoals:3)
  A storm dragon (shapeshifter) (Gauntlet)
  An orc warlord (Orc:2)
  Aizul (Vaults:1)
  Nessos (Lair:5)
  The ghost of Befuwnopp the Grappler, a journeyman TrHu of Cheibriados (Lair:3)
  A minotaur (Gauntlet)
  Snorg (D:13)
  2 merfolk javelineers (Shoals:4)
  8 merfolk impalers
  An ettin (Orc:2)
  2 fire dragons
  Josephine (D:13)
  A yaktaur captain (Vaults:1)
  Fannar (Lair:1)
  6 hydras
  A vault guard (D:14)
  Erolcha (Orc:2)
  2 rakshasas (D:15)
  A hell beast (Gauntlet)
  16 naga warriors
  5 centaur warriors
  4 merfolk aquamancers (Shoals:4)
  15 anacondas
  A merfolk avatar (Shoals:4)
  7 two-headed ogres
  3 shock serpents
  The ghost of Seghaw the Basher, a journeyman GrFi of Zin (D:10)
  Sonja (Lair:1)
  16 naga sharpshooters
  2 ogre magi
  4 orc high priests (Orc:2)
  A sea snake (shapeshifter) (Gauntlet)
  6 salamander mystics
  2 unseen horrors (shapeshifter) (Vaults:1)
  7 sea snakes
  4 unseen horrors
  An orange crystal statue (Snake:4)
  2 wizards (Vaults:1)
  A glowing orange brain (shapeshifter) (D:15)
  10 naga ritualists
  A necromancer (IceCv)
  A harpy (shapeshifter) (Vaults:1)
  An obsidian statue (D:14)
  7 orc knights
  10 harpies
  10 mana vipers
  An orb spider (shapeshifter) (Vaults:1)
  A deep elf mage (D:14)
  3 ironbrand convokers (Vaults:1)
  8 manticores
  11 salamanders
  2 orc sorcerers (Orc:2)
  2 wolf spiders
  A faun (Shoals:1)
  9 merfolk sirens
  14 ugly things
  5 cyclopes
  6 guardian serpents (Snake:4)
  3 elephants (Lair:6)
  A black mamba (shapeshifter) (D:14)
  2 vault sentinels (Vaults:1)
  39 black mambas
  4 water nymphs
  A torpor snail (Lair:5)
  15 naga magi
  A centaur zombie (D:14)
  2 ice statues (IceCv)
  A minotaur zombie (Gauntlet)
  A spiny frog (shapeshifter) (Vaults:1)
  A torpor snail (shapeshifter) (D:15)
  26 spiny frogs
  A gargoyle (D:12)
  A rime drake (Lair:6)
  3 komodo dragons
  A yaktaur (Vaults:1)
  9 ice devils (IceCv)
  A meliai (Lair:3)
  19 merfolk
  4 wind drakes (Shoals:4)
  3 trolls
  3 polar bears (Lair:1)
  A queen bee (Lair:3)
  12 blink frogs (Lair:6)
  A harpy skeleton (D:14)
  4 hornets
  A wolf spider simulacrum (Gauntlet)
  7 dream sheep (Shoals:3)
  10 hippogriffs
  A meliai zombie (D:14)
  3 tyrant leeches (Lair:6)
  7 snapping turtles
  9 slime creatures
  3 centaur simulacra
  2 vampires (D:11)
  A spriggan (D:7)
  42 yaks
  5 wyverns
  6 wraiths
  A shadow (D:9)
  A yak (shapeshifter) (D:15)
  11 water elementals
  2 basilisks
  10 vampire mosquitoes
  A steam dragon (D:9)
  50 nagas
  3 wargs
  12 water moccasins
  4 porcupines
  2 hell hounds (Gauntlet)
  4 black bears
  12 ice beasts
  6 sky beasts
  34 orc warriors
  3 phantoms
  4 boggarts (D:15)
  2 necrophages
  A meliai simulacrum (Gauntlet)
  12 ogres
  16 wolves
  10 centaurs
  4 crocodiles
  2 big kobolds (D:12)
  36 bullfrogs
  2 wyvern zombies
  7 scorpions
  A hornet simulacrum (Gauntlet)
  18 killer bees
  9 electric eels
  4 howler monkeys
  2 crimson imps
  3 quasits
  2 bullfrog zombies
  4 jellies
  A draconian simulacrum (IceCv)
  27 orc priests
  A yaktaur simulacrum (Vaults:1)
  A bullfrog skeleton (D:5)
  8 hounds
  20 orc wizards
  3 centaur skeletons
  An iguana (D:8)
  3 troll simulacra (IceCv)
  11 worker ants
  A spriggan simulacrum (IceCv)
  A killer bee zombie (D:8)
  A bullfrog simulacrum (Gauntlet)
  A hound zombie (D:8)
  A worker ant zombie (D:5)
  A howler monkey zombie (D:8)
  A howler monkey skeleton (D:7)
  17 adders
  5 gnolls
  2 naga simulacra (IceCv)
  2 ogre simulacra (IceCv)
  4 shadow imps
  An ooze (D:4)
  3 adder skeletons
  7 worms
  3 dart slugs
  4 leopard geckos
  108 orcs
  10 bats
  3 giant cockroaches
  5 goblins
  3 hobgoblins
  21 jackals
  A quokka (D:10)
  A frilled lizard (D:1)
  20 kobolds
  A leopard gecko zombie (D:6)
  10 rats
  A plant (Lair:1)
  7 tentacles (Shoals:2)
1124 creatures vanquished.

Vanquished Creatures (collateral kills)
  Vashnia (Snake:4)
  A merfolk avatar (Shoals:3)
  3 two-headed ogres
  3 naga sharpshooters (Snake:4)
  An orc knight (Vaults:1)
  An orc sorcerer (Orc:2)
  A mana viper (Snake:4)
  2 salamanders (Snake:4)
  A merfolk siren (Shoals:4)
  3 black mambas
  2 merfolk
  2 snapping turtles (Shoals:4)
  2 nagas (Snake:4)
  3 ice beasts (D:14)
  5 orc warriors (Orc:2)
  An ogre (D:14)
  3 orc priests (Orc:2)
  3 orc wizards (Orc:2)
  3 orcs (Orc:2)
41 creatures vanquished.

Vanquished Creatures (others)
  A nagaraja (Snake:4)
  A centaur warrior (Vaults:1)
  2 naga sharpshooters
  A deep elf archer (Vaults:1)
  A cyclops (Shoals:3)
  A faun (Shoals:1)
  An orc sorcerer (Orc:2)
  A naga mage (Snake:4)
  3 humans (D:14)
  2 centaurs (Vaults:1)
  2 killer bees (D:11)
  An orc (Vaults:1)
  A demonic plant (Gauntlet)
  7 fungi
  30 plants
  20 tentacles (Shoals:2)
75 creatures vanquished.

Grand Total: 1240 creatures vanquished

Notes
Turn   | Place    | Note
-------+----------+-------------------------------------------
     0 | D:1      | Davosk the Minotaur Berserker began the quest for the Orb.
     0 | D:1      | Reached XP level 1. HP: 19/19 MP: 0/0
   157 | D:1      | Reached XP level 2. HP: 27/27 MP: 1/1
  1012 | D:2      | Reached ** piety under Trog
  1161 | D:2      | Reached XP level 3. HP: 26/33 MP: 2/2
  1382 | D:2      | Reached skill level 1 in Short Blades
  1382 | D:2      | Reached XP level 4. HP: 34/40 MP: 3/3
  1499 | D:2      | Found a blossoming altar of Fedhas.
  1502 | D:2      | Found a radiant altar of Vehumet.
  1844 | D:3      | Reached XP level 5. HP: 47/47 MP: 4/4
  2685 | D:4      | Reached XP level 6. HP: 53/53 MP: 5/5
  2704 | D:4      | Reached skill level 5 in Armour
  2874 | D:4      | Reached *** piety under Trog
  2905 | D:4      | Reached XP level 7. HP: 24/60 MP: 6/6
  2959 | D:4      | Reached skill level 5 in Fighting
  3430 | D:5      | Entered Level 5 of the Dungeon
  3434 | D:5      | Found an iron altar of Okawaru.
  3624 | D:5      | Reached skill level 5 in Short Blades
  3624 | D:5      | Reached skill level 1 in Shields
  4010 | D:6      | Reached XP level 8. HP: 70/70 MP: 7/7
  4181 | D:6      | Reached skill level 2 in Shields
  4250 | D:6      | Found the +7 Singing Sword {slice, sonic wave}
  4346 | D:6      | Reached **** piety under Trog
  4429 | D:6      | Reached skill level 3 in Shields
  4688 | D:6      | Found a hazy altar of Hepliaklqana.
  4688 | D:6      | Found a sparkling altar of Nemelex Xobeh.
  4689 | D:6      | Found a snail-covered altar of Cheibriados.
  4721 | D:7      | Found a shimmering altar of Xom.
  4748 | D:7      | Reached XP level 9. HP: 77/78 MP: 8/8
  4814 | D:7      | Reached skill level 1 in Throwing
  4970 | D:7      | Reached skill level 4 in Shields
  5040 | D:7      | Found a staircase to the Ecumenical Temple.
  5252 | D:7      | Found a shimmering blue altar of Sif Muna.
  5615 | D:8      | Found a glowing golden altar of the Shining One.
  5651 | D:8      | Gained mutation: You have a pair of large horns on your
                  | head. [potion of mutation]
  5651 | D:8      | Lost mutation: You have a pair of large horns on your head.
                  | [potion of mutation]
  5651 | D:8      | Gained mutation: You have supernaturally acute eyesight.
                  | (SInv) [potion of mutation]
  5651 | D:8      | Gained mutation: You are resistant to hostile enchantments.
                  | (MR+) [potion of mutation]
  5824 | D:8      | Found a hide-covered altar of Uskayaw.
  6043 | D:8      | Found a glowing silver altar of Zin.
  6054 | D:8      | Received a gift from Trog
  6102 | D:8      | Noticed a two-headed ogre
  6115 | D:8      | Killed a two-headed ogre
  6115 | D:8      | Reached skill level 5 in Shields
  6115 | D:8      | Reached XP level 10. HP: 71/86 MP: 9/9
  6376 | D:8      | Reached skill level 5 in Throwing
  6445 | D:9      | Reached ***** piety under Trog
  6576 | D:10     | Entered Level 10 of the Dungeon
  6697 | D:9      | Reached skill level 10 in Short Blades
  6838 | D:9      | Found a stormy altar of Qazlal.
  6936 | D:9      | Reached skill level 6 in Shields
  7294 | D:10     | Noticed Seghaw's ghost (journeyman GrFi)
  7307 | D:10     | Found a runed translucent door.
  7377 | D:10     | Killed Seghaw's ghost
  7499 | D:10     | Reached XP level 11. HP: 88/94 MP: 10/10
  7593 | D:10     | Noticed Gastronok
  7615 | D:10     | Killed Gastronok
  7723 | D:11     | Found Tejom's Jewellery Shoppe.
  7736 | D:11     | Noticed a purple ugly thing
  7760 | D:11     | Killed a purple ugly thing
  7773 | D:11     | Found Agukyrgh's Antique Armour Emporium.
  7789 | D:11     | Bought a pair of embroidered boots for 225 gold pieces
  7898 | D:11     | Received a gift from Trog
  8066 | D:11     | Found Ledghoim's Assorted Antiques.
  8070 | D:11     | Bought a scroll labeled ZIUREPT TAOFIU for 26 gold pieces
  8089 | D:11     | Reached skill level 7 in Shields
  8092 | D:11     | Reached skill level 10 in Armour
  8148 | D:11     | Found Icvat's Jewellery Boutique.
  8178 | D:11     | Found a staircase to the Lair.
  8465 | D:12     | Found a staircase to the Orcish Mines.
  8466 | D:12     | Noticed a cyan ugly thing
  8488 | D:12     | Killed a cyan ugly thing
  8581 | D:12     | Reached ****** piety under Trog
  8634 | D:12     | Received a gift from Trog
  9270 | D:12     | Noticed a white ugly thing
  9279 | D:12     | Killed a white ugly thing
  9398 | D:12     | Found a burning altar of Makhleb.
  9398 | D:12     | Noticed an Executioner
  9582 | D:13     | Noticed Snorg
  9599 | D:13     | Killed Snorg
  9599 | D:13     | Reached skill level 1 in Stealth
  9599 | D:13     | Reached XP level 12. HP: 27/104 MP: 11/11
  9883 | D:13     | Noticed Josephine
  9883 | D:13     | Noticed a centaur warrior
  9894 | D:13     | Killed a centaur warrior
  9903 | D:13     | Killed Josephine
 10812 | D:14     | Noticed a centaur warrior
 10830 | D:14     | Killed a centaur warrior
 10830 | D:14     | Reached skill level 5 in Dodging
 10830 | D:14     | Reached skill level 8 in Shields
 10861 | D:14     | Noticed a centaur warrior
 10872 | D:14     | Killed a centaur warrior
 10883 | D:14     | Received a gift from Trog
 10999 | D:14     | Found a runed translucent door.
 11008 | D:14     | Noticed a centaur warrior
 11013 | D:14     | Found a runed translucent door.
 11013 | D:14     | Noticed an ogre mage
 11013 | D:14     | Noticed a two-headed ogre
 11016 | D:14     | Noticed a two-headed ogre
 11025 | D:14     | Killed a centaur warrior
 11028 | D:14     | Reached skill level 10 in Fighting
 11029 | D:14     | Noticed a two-headed ogre
 11035 | D:14     | Killed a two-headed ogre
 11041 | D:14     | Killed a two-headed ogre
 11047 | D:14     | Killed a two-headed ogre
 11049 | D:14     | Killed an ogre mage
 11061 | D:14     | Noticed a two-headed ogre
 11071 | D:14     | Killed a two-headed ogre
 11093 | D:14     | Found a frozen archway.
 11110 | IceCv    | Entered an ice cave
 11212 | IceCv    | Reached XP level 13. HP: 107/114 MP: 12/12
 11215 | IceCv    | Reached skill level 9 in Shields
 11590 | IceCv    | Got a fine morningstar
 11593 | IceCv    | Identified the +2 morningstar "Cudar" {crush, +Fly rPois
                  | rF+++ MR-} (You found it in an ice cave)
 11597 | IceCv    | Got a faintly humming robe
 11598 | IceCv    | Identified the cursed +0 robe of the Forgotten Tales {-Tele
                  | +Inv MP+9 SInv} (You found it in an ice cave)
 11676 | D:14     | Reached skill level 10 in Throwing
 11693 | D:14     | Noticed Kirke
 11750 | D:14     | Killed Kirke
 11882 | D:14     | Found a runed translucent door.
 11926 | D:14     | Found a runed translucent door.
 12043 | D:14     | Noticed a fire dragon
 12055 | D:14     | Killed a fire dragon
 12072 | D:14     | Found a gate to the Vaults.
 12395 | Lair:1   | Entered Level 1 of the Lair of Beasts
 12453 | Lair:1   | Noticed Sonja
 12454 | Lair:1   | Killed Sonja
 12464 | Lair:1   | Noticed Fannar
 12481 | Lair:1   | Killed Fannar
 13457 | Lair:2   | Reached skill level 10 in Shields
 13469 | Lair:2   | Received a gift from Trog
 14450 | Lair:3   | Noticed Befuwnopp's ghost (journeyman TrHu)
 14456 | Lair:3   | Found a transporter.
 14476 | Lair:3   | Identified the ring of Affui {MP+9 Int+2}
 14696 | Lair:3   | Found a transporter.
 14714 | Lair:3   | Found a staircase to the Snake Pit.
 15396 | Lair:3   | Killed Befuwnopp's ghost
 15396 | Lair:3   | Reached XP level 14. HP: 125/125 MP: 13/13
 15794 | Lair:4   | Found a staircase to the Shoals.
 16547 | Lair:5   | Received a gift from Trog
 16643 | Lair:5   | Noticed Nessos
 16655 | Lair:5   | Killed Nessos
 17126 | Lair:6   | Entered Level 6 of the Lair of Beasts
 17129 | Lair:6   | Received a gift from Trog
 17171 | Lair:6   | Reached skill level 11 in Shields
 17642 | Lair:6   | Received a gift from Trog
 18073 | Lair:6   | Found a viscous altar of Jiyva.
 18073 | Lair:6   | Found a staircase to the Slime Pits.
 18578 | D:15     | Entered Level 15 of the Dungeon
 18620 | D:15     | Found Fuequmuz's Book Shop.
 18659 | D:15     | Found Vurisuak's Book Shop.
 18758 | D:15     | Reached skill level 12 in Shields
 18788 | D:15     | Reached XP level 15. HP: 90/136 MP: 14/14
 18883 | D:15     | Found Sadylea's Food Emporium.
 19178 | D:15     | Found Oron's Magic Scroll Boutique.
 19197 | D:15     | Got a translucent ivory amulet
 19198 | D:15     | Identified the amulet of Pafeomp {+Rage rF+} (You found it
                  | on level 15 of the Dungeon)
 19394 | D:15     | Found a staircase to the Depths.
 19572 | Orc:1    | Entered Level 1 of the Orcish Mines
 19942 | Orc:1    | Found Cuos's Weapon Emporium.
 19964 | Orc:2    | Entered Level 2 of the Orcish Mines
 19965 | Orc:2    | Found Leivvi's Armour Shop.
 20006 | Orc:2    | Received a gift from Trog
 20147 | Orc:2    | Found a gate leading to a gauntlet.
 20178 | Gauntlet | Entered a Gauntlet
 20178 | Gauntlet | Found a transporter.
 20178 | Gauntlet | Found a transporter.
 20186 | Gauntlet | Found a transporter.
 20190 | Gauntlet | Found a transporter.
 20202 | Gauntlet | Found a transporter.
 20203 | Gauntlet | Found a transporter.
 20210 | Gauntlet | Found a transporter.
 20226 | Gauntlet | Found a transporter.
 20240 | Gauntlet | Found a transporter.
 20244 | Gauntlet | Found a transporter.
 20252 | Gauntlet | Found a transporter.
 20256 | Gauntlet | Found a transporter.
 20310 | Gauntlet | Noticed a storm dragon
 20381 | Gauntlet | Killed a storm dragon
 20436 | Gauntlet | Got a translucent steel ring
 20443 | Gauntlet | Identified the ring "Deowk" {rElec rPois MP+9 Slay+5} (You
                  | found it in a Gauntlet)
 20479 | Gauntlet | Received a gift from Trog
 20506 | Gauntlet | Got a pair of transparent gloves
 20517 | Gauntlet | Identified the +3 pair of gloves "Wummeem" {Str+2} (You
                  | found it in a Gauntlet)
 20545 | Orc:2    | Reached skill level 13 in Shields
 20593 | Orc:2    | Noticed an orc warlord
 20761 | Orc:2    | Killed an orc warlord
 21042 | Orc:2    | Found a staircase to the Elven Halls.
 21111 | Orc:2    | Noticed Erolcha
 21114 | Orc:2    | Killed Erolcha
 21182 | Orc:2    | Found Teunill's General Store.
 21183 | Orc:2    | Found Ysmamp's Book Shoppe.
 21184 | Orc:2    | Found Calock's Antique Armour Emporium.
 21184 | Orc:2    | Found Loed's Antique Weapon Emporium.
 21202 | Orc:2    | Bought a scroll of acquirement for 780 gold pieces
 21222 | Orc:2    | Bought a brightly glowing plate armour for 644 gold pieces
 21235 | Orc:2    | Identified the +7 plate armour "Jason" {rElec rCorr Int-2
                  | Dex-4} (You bought it in a shop on level 2 of the Orcish
                  | Mines)
 21255 | Orc:2    | Bought a pair of runed boots for 172 gold pieces
 21629 | Snake:1  | Entered Level 1 of the Snake Pit
 21782 | Snake:1  | Reached skill level 15 in Fighting
 21786 | Snake:1  | Received a gift from Trog
 21792 | Snake:1  | Found Cabiaset's Weapon Emporium.
 21878 | Snake:1  | Reached skill level 14 in Shields
 22028 | Snake:1  | Found a white marble altar of Elyvilon.
 22087 | Snake:1  | Got a polished hunting sling
 22088 | Snake:1  | Identified the cursed +0 hunting sling of Qiamoito {flame,
                  | -Tele +Inv rElec MR+} (You found it on level 1 of the Snake
                  | Pit)
 22589 | Snake:2  | Reached skill level 15 in Armour
 22589 | Snake:2  | Reached XP level 16. HP: 149/149 MP: 15/15
 22671 | Snake:2  | Reached skill level 15 in Shields
 23109 | Snake:2  | Found a blossoming altar of Fedhas.
 23910 | Snake:3  | Received a gift from Trog
 24180 | Snake:3  | Reached skill level 16 in Shields
 24512 | Snake:3  | Found a flickering gateway to a bazaar.
 24524 | Bazaar   | Entered a bazaar
 24534 | Bazaar   | Found Myxogi's Magic Scroll Emporium.
 24542 | Bazaar   | Found Dooreg's Jewellery Shop.
 24548 | Bazaar   | Found Wefeir's Antique Weapon Emporium.
 24559 | Bazaar   | Found Asa Edeu's Distillery.
 24591 | Bazaar   | Bought a scroll of brand weapon for 240 gold pieces
 24823 | Snake:4  | Entered Level 4 of the Snake Pit
 24847 | Snake:4  | Noticed Vashnia
 24852 | Snake:4  | Received a gift from Trog
 24866 | Snake:4  | Killed Vashnia
 25090 | Snake:4  | Reached skill level 17 in Shields
 25092 | Snake:4  | Reached XP level 17. HP: 73/156 MP: 11/16
 25423 | Snake:4  | Found a gateway to a bazaar.
 25446 | Bazaar   | Entered a bazaar
 25448 | Bazaar   | Found Coden's Assorted Antiques.
 25452 | Bazaar   | Found Qecwuis's Distillery.
 25452 | Bazaar   | Found Liawidiu's Food Boutique.
 25452 | Bazaar   | Found Zaon's General Store.
 25465 | Bazaar   | Bought a scroll of enchant armour for 82 gold pieces
 25474 | Bazaar   | Bought 2 potions of haste for 280 gold pieces
 25670 | Snake:4  | Received a gift from Trog
 25843 | Snake:4  | Reached skill level 1 in Slings
 25933 | Snake:4  | Found a blossoming altar of Fedhas.
 26192 | Snake:4  | Reached skill level 18 in Shields
 26244 | Snake:4  | Received a gift from Trog
 26340 | Snake:4  | Got a serpentine rune of Zot
 26696 | Shoals:1 | Entered Level 1 of the Shoals
 27022 | Shoals:1 | Found Qure's Gadget Shoppe.
 27520 | Shoals:2 | Noticed a kraken
 27534 | Shoals:2 | Killed a kraken
 27802 | Shoals:2 | Found Uhoywnao's Antique Armour Shop.
 27817 | Shoals:2 | You fall into a shaft and drop 1 floor!
 27817 | Shoals:3 | Noticed Bai Suzhen
 27836 | Shoals:3 | Killed Bai Suzhen
 28010 | Shoals:3 | Found Hyissol's Jewellery Boutique.
 28159 | Shoals:2 | Noticed a kraken
 28193 | Shoals:2 | Killed a kraken
 28441 | Shoals:3 | Reached skill level 5 in Slings
 28715 | Shoals:4 | Entered Level 4 of the Shoals
 28996 | Shoals:4 | Reached XP level 18. HP: 163/168 MP: 17/17
 29152 | Shoals:4 | Received a gift from Trog
 29382 | Shoals:4 | Received a gift from Trog
 29546 | Shoals:4 | Got a flickering granite ring
 29548 | Shoals:4 | Identified the ring of Osistuck {rF+ rN+ Str-4 Int+9} (You
                  | found it on level 4 of the Shoals)
 29846 | Shoals:4 | Reached skill level 19 in Shields
 29938 | Shoals:4 | Got a barnacled rune of Zot
 30866 | Vaults:1 | Entered Level 1 of the Vaults
 31094 | Vaults:1 | Noticed Aizul
 31113 | Vaults:1 | Killed Aizul
 31119 | Vaults:1 | Received a gift from Trog
 31984 | Vaults:1 | Found Aptiwaa's Distillery.
 32282 | Vaults:2 | Noticed Xtahua
 32308 | Vaults:2 | Killed from afar by Xtahua

Levels and vault maps discovered:
D:1:      dpeg_arrival_arbitrary_b, layout_basic
D:2:      layout_loops_corners, minitemple, first_ration
D:3:      layout_basic
D:4:      layout_loops_ring
D:5:      layout_rooms, okawaru_trees_1, solitary_fountain, st_stairs_3
D:6:      old_forge, layout_loops_ring, gammafunk_temple_overflow_claw
D:7:      layout_basic, xom_teletrap_fun, lemuel_round_altar,
          minmay_temple_entry_tees, the_bakery, corexii_leaking_fountain
D:8:      layout_basic, nicolae_tso_carved_into_rock,
          nicolae_overflow_crystal_walls, basic_altar, serial_bayou_pond_b,
          serial_bayou_pond_c
D:9:      layout_big_octagon, nicolae_qazlal_general_emergency,
          kennysheep_generic_room_6
D:10:     layout_rooms, hellmonk_ghost_happy_afterlife, hive_lemuel,
          uniq_gastronok
D:11:     layout_rooms, lair_entry_dummy, serial_shops, kennysheep_little_box,
          shop, nicolae_shop_stone, shop, kennysheep_crisscross
D:12:     layout_basic, hiddenorc2_lemuel, makhleb_altar_promises_db
D:13:     layout_layer_cave, uniq_josephine, uniq_snorg
D:14:     layout_loops_ring, david_vaults_4, portal_ice_cave_entry_ice_beasts,
          minmay_staircase_statues, minmay_statue_crystal_thing, uniq_kirke
D:15:     gammafunk_enter_depths_forms, layout_irregular_city, serial_shops,
          nicolae_shop_statue_plus, nicolae_shop_statue_plus, shop,
          nicolae_shop_behind_doors
Lair:1:   layout_roguey, serial_forest, infiniplex_forest_split,
          infiniplex_forest_clump_C, infiniplex_forest_lined_corner,
          infiniplex_forest_zigzag_1, infiniplex_forest_lined_corner,
          infiniplex_forest_fountain, infiniplex_forest_clump_curved,
          infiniplex_forest_straight_3, cheibrodos_lair_lostbears, uniq_sonja,
          uniq_fannar
Lair:2:   layout_hall_layers, chequers_serial_rivers_marsh
Lair:3:   layout_gridlike, dummy_snake_entry, gammafunk_ghost_hive,
          chequers_serial_rivers_large_a
Lair:4:   layout_roguey, elwin_shoals_entry_stream, infiniplex_staircase_pool
Lair:5:   layout_loops_ring, uniq_nessos
Lair:6:   minmay_lair_end_frog_pond, layout_gridlike,
          dpeg_slime_entry_enclosed_altar
Shoals:1: layout_shoals, serial_shops, shop
Shoals:2: layout_shoals, serial_shops, nicolae_shop_trees,
          nicolae_shoals_kraken_intersection
Shoals:3: layout_shoals, serial_shops, shop, uniq_bai_suzhen
Shoals:4: shoals_end_grunt_ice, layout_shoals
Snake:1:  layout_rooms, basic_altar, serial_shops, shop
Snake:2:  layout_onion_interference, basic_altar, grunt_ministairs_5, drop_trap,
          statue_in_the_mist_lemuel, nicolae_coiled_stairwell_down
Snake:3:  layout_cave_shapes, serial_shops, bzr_entry_water
Snake:4:  johnstein_snake_rune_scales, layout_onion_interference, serial_shops,
          statue_bzr, basic_altar, grunt_ministairs_1, grunt_megastairs_5,
          uniq_vashnia
Orc:1:    layout_diamond_mine, serial_shops, shop
Orc:2:    st_orc_congregation, layout_diamond_mine, special_room, serial_shops,
          shop, gauntlet_entry_generic, uniq_erolcha
Vaults:1: v_misc_8, v_alt_pattern_6, nicolae_vaults_stairing_the_circle,
          vaults_standard_mumra_lines, v_misc_4, grunt_vaults_focal,
          vaults_mumra_minichess, nicolae_vaults_diagonal_hallway_7,
          ontoclasm_vaults_twist, nicolae_vaults_mini_display_case,
          grunt_vaults_hallway_short, grunt_vaults_hallway_short,
          layout_vaults_omnicross, serial_shops, shop, uniq_aizul
Vaults:2: grunt_vaults_trifunnel, nicolae_vaults_disjoint_gnomons, v_pattern_3,
          v_misc_16, nicolae_vaults_network_square, vaults_room_corners,
          vaults_mumra_hex, v_misc_25, grunt_vaults_hallway_short,
          layout_vaults_maze_snakey, uniq_xtahua

Skill      XL: |  1  2  3  4  5  6  7  8  9 10 11 12 13 14 15 16 17 18 |
---------------+-------------------------------------------------------+-----
Fighting       | 4 5 6 7 8 9 10 11 13 15 16 17 | 17.2
Axes           | 4 |  4.6
Armour         | 3 4 5 6 7 8 9 10 11 13 14 15 | 15.7
Short Blades   | 1 2 3 4 6 7 9 10 11 13 14 | 14.6
Shields        | 1 3 5 6 7 8 10 12 14 17 18 19 | 19.3
Dodging        | 4 5 6 7 |  7.3
Throwing       | 4 7 9 10 12 14 | 14.5
Stealth        | 1 2 |  2.1
Slings         | 5 8 |  8.9

Action                   |  1- 3 |  4- 6 |  7- 9 | 10-12 | 13-15 | 16-18 || total
-------------------------+-------+-------+-------+-------+-------+-------++-------
Melee: Hand axe          |    19 |       |       |       |       |       ||    19
       Headbutt          |    15 |    26 |    90 |   183 |   315 |   231 ||   860
       Short sword       |    83 |   162 |   462 |   312 |       |       ||  1019
       Rapier            |       |       |       |   439 |  1180 |   957 ||  2576
 Fire: Fustibalus        |       |       |       |       |       |   375 ||   375
Throw: Dart              |       |     3 |    33 |       |       |       ||    36
       Javelin           |       |       |     3 |    96 |    80 |   138 ||   317
       Stone             |       |       |       |    21 |     4 |    23 ||    48
       Boomerang         |       |       |       |    12 |   319 |     4 ||   335
Invok: Berserk           |       |     1 |     4 |    14 |     8 |     7 ||    34
       Trog's Hand       |       |     1 |       |     1 |       |     6 ||     8
       Brothers in Arms  |       |       |       |     2 |     2 |     9 ||    13
  Use: Scroll            |     3 |     3 |     4 |    11 |    26 |    15 ||    62
       Potion            |       |       |     5 |     1 |     6 |     8 ||    20
 Stab: Distracted        |       |       |       |       |       |     1 ||     1
  Eat: Chunk             |     1 |     6 |    15 |    23 |    28 |    21 ||    94
       Ration            |       |       |       |     2 |     5 |     7 ||    14
Armor: Animal skin       |     8 |       |       |       |       |       ||     8
       Storm dragon scal |    37 |    63 |   129 |   174 |   211 |       ||   614
       Skin              |       |       |     3 |       |       |       ||     3
       Plate armour      |       |       |       |       |    17 |   230 ||   247
Dodge: Dodged            |    40 |    47 |    88 |   117 |   184 |   149 ||   625
Block: Shield            |       |    19 |   120 |   233 |   320 |       ||   692
       Large shield      |       |       |       |       |    85 |   908 ||   993
       Reflection        |       |       |       |       |    14 |   152 ||   166
